 Dungeon Crawl Stone Soup version 0.29.0-4-gdea44cf6ec (webtiles) character file.

Game seed: 17491243290095628812

5 qw the Sneak (level 1, -4/14 HPs)
             Began as a Gargoyle Delver on Sept 10, 2022.
             Slain by an orc
             ... wielding a +0 whip
              (5 damage)
             ... on level 3 of the Dungeon.
             The game lasted 00:00:08 (333 turns).

qw the Sneak (Gargoyle Delver)                       Turns: 333, Time: 00:00:09

Health: -4/14      AC:  5    Str: 15    XL:     1   Next: 80%
Magic:  1/1        EV: 11    Int: 10    God:
Gold:   12         SH:  0    Dex: 11    Spells: 0/0 levels left

rFire   . . .      SeeInvis .   a - +0 hand axe
rCold   . . .      Faith    .   (no shield)
rNeg    + . .      Spirit   .   b - +0 leather armour
rPois   inf        Reflect  .   (no helmet)
rElec   +          Harm     .   (no cloak)
rCorr   .          Rampage  .   (no gloves)
Will    .....                   (no boots)
Stlth   +++.......              (no amulet)
HPRegen 0.04/turn               (no ring)
MPRegen 0.07/turn               (no ring)

@: no status effects
A: sickness immunity, AC +2, negative energy resistance 1, electricity
resistance, torment resistance 1, petrification resistance
a: no special abilities


You were on level 3 of the Dungeon.
You visited 1 branch of the dungeon, and saw 3 of its levels.

You collected 12 gold pieces.


Innate Abilities, Weirdness & Mutations

You are immune to sickness and miasma.
Your stone body is resilient. (AC +2)
You are immune to poison.
You resist negative energy. (rN+)
You are resistant to electric shocks. (rElec)
You are resistant to unholy torment.
You are immune to petrification.


   Skills:
 - Level 3.2 Fighting
 + Level 2.2 Axes
 - Level 1.5 Dodging
 - Level 5.4 Stealth


You couldn't memorise any spells.
You didn't know any spells.
Your spell library was empty.

Inventory:

Hand Weapons
 a - a +0 hand axe (weapon)
Armour
 b - a +0 leather armour (worn)
Wands
 g - a wand of digging (3)
Potions
 f - a potion of haste

Dungeon Overview and Level Annotations

Branches:
Dungeon (5/15)
 Temple: D:4-7

Altars:


Message History

You hit the giant cockroach but do no damage.
The giant cockroach is almost dead.
The giant cockroach barely misses you. The giant cockroach closely misses you.
The frilled lizard unfolds its giant frill.
You barely miss the giant cockroach.
The giant cockroach is almost dead.
The giant cockroach closely misses you.
You closely miss the giant cockroach.
The giant cockroach is almost dead.
The giant cockroach bites you. The giant cockroach barely misses you.
You hit the giant cockroach.
You kill the giant cockroach!
You closely miss the frilled lizard.
The frilled lizard bites you but does no damage.
You miss the frilled lizard. The frilled lizard barely misses you.
The frilled lizard bites you but does no damage.
You miss the frilled lizard.
The frilled lizard bites you but does no damage.
You miss the frilled lizard.
The frilled lizard bites you but does no damage.
You barely miss the frilled lizard. The frilled lizard closely misses you.
You slash the frilled lizard!
You kill the frilled lizard!
You start resting.
HP restored.
An orc comes into view. It is wielding a +0 whip.
The orc shouts!
You closely miss the orc. The orc hits you with a +0 whip. x2
You barely miss the orc. The orc misses you.
You hit the orc.
The orc is severely wounded.
The orc hits you with a +0 whip.
You hit the orc.
The orc is severely wounded.
The orc hits you with a +0 whip.
You die...

#. #.# # #.# .#
#.###. #.#..
#.#.####
#.#####.#....###
#.......@o......
...##.#.#.##.#.#
.......>.....#
...##.#%#.#..#
#.#.#.#..# #
#.... .# #.....
# #.#.### ..#.


You could see an orc.

Vanquished Creatures
  A giant cockroach (D:3)
  A goblin (D:4)
  A quokka (D:4)
  A frilled lizard (D:3)
  A kobold (D:4)
5 creatures vanquished.

Notes
Turn   | Place    | Note
-------+----------+-------------------------------------------
     0 | D:5      | qw the Gargoyle Delver began the quest for the Orb.
     0 | D:5      | Reached XP level 1. HP: 14/14 MP: 1/1
     0 | D:5      | 0 ||| qw: Version: 0.1-a-117-gfe26ee0
     0 | D:5      | 0 ||| qw: Game counter: 9703
     0 | D:5      | 0 ||| qw: Always use a shield: true
     0 | D:5      | 0 ||| qw: God list: Okawaru
     0 | D:5      | 0 ||| qw: Allow faded altars: false
     0 | D:5      | 0 ||| qw: Do Orc after D:15 true
     0 | D:5      | 0 ||| qw: Do second Lair branch before Depths: true
     0 | D:5      | 0 ||| qw: Lair rune preference: random
     0 | D:5      | 0 ||| qw: Plans: Normal
     0 | D:5      | 0 ||| PLANNING D:1-11
    15 | D:5      | Noticed a black bear
    16 | D:5      | 16 ||| FLEEEEING.
    23 | D:5      | 23 ||| STAIRDANCE
    33 | D:4      | 33 ||| Stepping ~*~*~tactically~*~*~ (stealth).
    57 | D:4      | 57 ||| Stepping ~*~*~tactically~*~*~ (stealth).
    58 | D:4      | 58 ||| Stepping ~*~*~tactically~*~*~ (stealth).
    66 | D:4      | 66 ||| Stepping ~*~*~tactically~*~*~ (stealth).
   258 | D:4      | 258 ||| DROPPING scroll of fog.
   259 | D:4      | 259 ||| DROPPING scroll of magic mapping.
   260 | D:4      | 260 ||| DROPPING scroll of fear.
   332 | D:3      | HP: 1/14 [orc/+0 whip (3)]
   333 | D:3      | Slain by an orc

Levels and vault maps discovered:
D:3:      minmay_razor_zed, layout_basic
D:4:      gammafunk_wand_slinger, layout_loops_corners, vehumet_statue,
          minmay_temple_entry_nine_rooms, chequers_mini_garden, st_stairs_13,
          serial_bayou_crossing, uniq_edmund, uniq_duvessa, uniq_natasha
D:5:      layout_gridville, trog_wizard, grunt_decor_resistance, uniq_grinder,
          uniq_menkaure

Skill      XL: |  1 |
---------------+----+-----
Axes           | 2 |  2.2
Fighting       | |  3.2
Dodging        | |  1.5
Stealth        | |  5.4

Action                   || total
-------------------------++-------
Melee: Hand axe          ||    34
 Stab: Distracted        ||     1
Armor: Leather armour    ||     6
Dodge: Dodged            ||    23

Table legend:
 A = Non-vault XP
 B = Vault XP
 C = Vault XP percentage of total XP
 D = Non-vault monster count
 E = Vault monster count
 F = Vault count percentage of total count
                 A         B        C        D         E       F
            +---------+---------+-------+---------+---------+-------
      Total |       4 |       4 |  50.0 |       3 |       2 |  40.0
            +---------+---------+-------+---------+---------+-------
        D:3 |       3 |       0 |   0.0 |       2 |       0 |   0.0
        D:4 |       1 |       4 |  80.0 |       1 |       2 |  66.7
            +---------+---------+-------+---------+---------+-------
